 Dungeon Crawl Stone Soup version 0.31-a0-940-gdaa99269f9 (webtiles) character file.

Game seed: 16952952798540259847

140 MachoJfn the Chopper (level 5, -3/39 HPs)
             Began as a Demonspawn Gladiator on Oct 19, 2023.
             Was a Follower of Uskayaw.
             Killed from afar by Natasha (11 damage)
             ... with a puff of flame
             ... on level 3 of the Dungeon on Oct 20, 2023.
             The game lasted 00:05:41 (2244 turns).

MachoJfn the Chopper (Demonspawn Gladiator)         Turns: 2244, Time: 00:05:42

Health: -3/39      AC:  5    Str: 16    XL:     5   Next: 2%
Magic:  5/5        EV: 14    Int:  9    God:    Uskayaw [*.....]
Gold:   129        SH:  0    Dex: 23    Spells: 4/4 levels left

rFire   . . .        a - +0 war axe
rCold   . . .        (no shield)
rNeg    . . .        b - +0 leather armour
rPois   .            c - +0 helmet
rElec   .            (no cloak)
rCorr   +            (no gloves)
SInv    .            l - +0 pair of boots
Will    .....        (no amulet)
Stlth   +++          g - +6 ring of dexterity
HPRegen 0.26/turn    m - ring of resist corrosion
MPRegen 0.09/turn

%: no passive effects
@: no status effects
A: thin skeletal structure 1, powered by death 1
a: Renounce Religion, Stomp


You were on level 3 of the Dungeon.
You worshipped Uskayaw.
Uskayaw was noncommittal.
You visited 1 branch of the dungeon, and saw 3 of its levels.

You collected 129 gold pieces.

Inventory:

Hand Weapons
 a - a +0 war axe (weapon)
Missiles
 d - 5 throwing nets (quivered)
 e - a javelin
 h - 25 stones
Armour
 b - a +0 leather armour (worn)
 c - a +0 helmet (worn)
 l - a +0 pair of boots (worn)
 q - a +0 chain mail
Jewellery
 g - a +6 ring of dexterity (left hand)
 i - a ring of magical power
 m - a ring of resist corrosion (right hand)
Wands
 p - a wand of charming (6)
Scrolls
 f - a scroll of identify {unknown}
 k - 2 scrolls of teleportation {unknown}
 o - a scroll of blinking {unknown}
Potions
 j - a potion of haste {unknown}
 n - a potion of heal wounds {unknown}


   Skills:
 + Level 2.7 Fighting
 + Level 3.9 Axes
 - Level 1.7 Throwing
 + Level 1.2 Armour
 + Level 3.3 Dodging
 + Level 1.3 Stealth


You had 4 spell levels left.
You didn't know any spells.
Your spell library contained the following spells:

 Spells                   Type           Power      Damage    Failure   Level
 Inner Flame              Hex/Fire       0%         N/A       83%         3
 Yara's Violent Unravell  Hex/Tmut       0%         3d3       100%        5
 Enfeeble                 Hex            0%         N/A       100%        7


Dungeon Overview and Level Annotations

Branches:
Dungeon (3/15)

Altars:
Uskayaw

Shops:
D:3 =

Annotations:
D:3 Natasha


Innate Abilities, Weirdness & Mutations

You have a somewhat thin skeletal structure. (Dex +2, Stealth+)
You regenerate a little health from kills.


Message History

You slash the adder!
The adder is almost dead.
The adder bites you. The adder closely misses you.
You hit the adder.
You kill the adder!
You have reached level 5!
The frilled lizard hisses angrily.
You barely miss the frilled lizard. The frilled lizard bites you.
The frilled lizard closely misses you.
You miss the frilled lizard. The frilled lizard misses you.
You slash the frilled lizard!
You kill the frilled lizard!
You see here a frilled lizard corpse.
You see here a frilled lizard corpse.
Found a chain mail.
There is an entrance to Cebruam's Jewellery Shoppe here.
You see here a +0 chain mail.
You see here a +0 chain mail.
q - a +0 chain mail Natasha, Servant of Life and Death comes into view.
She is carrying a wand of flame.
Natasha hisses angrily.
Natasha zaps a wand.
The puff of flame hits you!
There is an entrance to Cebruam's Jewellery Shoppe here.
Natasha mumbles some strange words.
Natasha zaps a wand.
The puff of flame hits you.
You slash Natasha!
Natasha is severely wounded.
The cerulean imp barely misses you. Natasha closely misses you.
You barely miss Natasha.
Natasha is severely wounded.
The cerulean imp barely misses you. Natasha claws you!
The cerulean imp hits you from afar with a +2 spear.
You hit Natasha.
Natasha is severely wounded.
Natasha zaps a wand.
The puff of flame misses you.
The cerulean imp hits you from afar with a +2 spear.
* * * LOW HITPOINT WARNING * * *
Natasha zaps a wand.
The puff of flame hits you!
You die...
Natasha begins licking her fur clean.

....[..#.#.....#####..###........
####.......###.........>.........
#..#.##.# #.#####.#...#.......
#..#.# .# #.# #...#.........
#..#.# .# #.# #.#...#.......
####..#.# #.# #.##.#########
......... #.# #.##.#
######.#.#####.#####.##.#
#.###.†.....@h5..##.#
#..#.####.∩########.# #.#.##
#............#
#.#......#.##########
#.########.# #.# #..# #.# #.##
### ### #.# #.# ##.###.. #.# #.#
#####.#.##.#


You could see Natasha and a cerulean imp (summoned).

Vanquished Creatures
  Natasha (D:3)
  5 adders
  A worm (D:2)
  A dart slug (D:1)
  5 orcs (D:3)
  9 endoplasms
  A giant cockroach (D:1)
  3 goblins
  9 hobgoblins
  5 kobolds
  2 quokkas (D:1)
  4 ball pythons
  4 bats
  7 frilled lizards
  6 rats
63 creatures vanquished.

Notes
Turn   | Place    | Note
-------+----------+-------------------------------------------
     0 | D:1      | MachoJfn the Demonspawn Gladiator began the quest for the
                  | Orb.
     0 | D:1      | Reached XP level 1. HP: 16/16 MP: 1/1
    80 | D:1      | Gained mutation: You have a somewhat thin skeletal
                  | structure. (Dex +2, Stealth+) [demonic ancestry]
    80 | D:1      | Reached XP level 2. HP: 22/22 MP: 2/2
   611 | D:1      | Gained mutation: You regenerate a little health from kills.
                  | [demonic ancestry]
   611 | D:1      | Reached XP level 3. HP: 27/27 MP: 3/3
   978 | D:2      | Reached skill level 1 in Stealth
  1076 | D:2      | Found a faded altar of an unknown god.
  1098 | D:2      | Prayed at the altar of an unknown god.
  1098 | D:2      | Became a worshipper of Uskayaw the Reveller
  1098 | D:2      | Reached * piety under Uskayaw
  1457 | D:2      | Reached ** piety under Uskayaw
  1459 | D:2      | Reached XP level 4. HP: 27/34 MP: 4/4
  1573 | D:2      | Upgraded the game from 0.31-a0-931-g7b59d4eb97 to
                  | 0.31-a0-940-gdaa99269f9
  1840 | D:3      | Reached skill level 1 in Armour
  2068 | D:3      | Noticed Natasha
  2077 | D:3      | Killed Natasha
  2192 | D:3      | Found Cebruam's Jewellery Shoppe.
  2200 | D:3      | Reached XP level 5. HP: 35/39 MP: 5/5
  2238 | D:3      | Noticed Natasha
  2244 | D:3      | Killed from afar by Natasha

Illustrated notes

Levels and vault maps discovered:
D:1:      minmay_arrival_three_doors, layout_rooms, serial_curves,
          eino_curves_01, eino_curves_03, minmay_gold_behind_fungi,
          corexii_leaking_fountain
D:2:      layout_basic, hellmonk_ecumenical_altar_pennies_from_heaven
D:3:      layout_loops_ring, serial_shops, shop, serial_glass, glass_columns_a,
          glass_columns_a, uniq_natasha

Skill      XL: |  1  2  3  4 |
---------------+-------------+-----
Dodging        | 3 |  3.3
Axes           | 3 |  3.9
Stealth        | 1 |  1.3
Armour         | 1 |  1.2
Fighting       | |  2.7
Throwing       | |  1.7

Action                     |  1- 3 |  4- 6 || total
---------------------------+-------+-------++-------
  Melee: War axe           |   109 |    48 ||   157
         Punch             |     1 |       ||     1
 Invoke: Stomp             |       |     1 ||     1
         Line Pass         |       |     1 ||     1
   Stab: Sleeping          |     9 |     1 ||    10
         Confused          |       |     1 ||     1
 Armour: Leather armour    |    76 |    33 ||   109
  Dodge: Dodged            |    80 |    44 ||   124

Table legend: (Time is in decaauts)
 A = Elapsed time spent in this place.
 B = Non-inter-level travel time spent in this place.
 C = Inter-level travel time spent in this place.
 D = Time resting spent in this place.
 E = Time spent auto-exploring this place.
 F = Levels seen in this place.
 G = Mean time per level.
                   A        B        C        D        E       F      G
               +--------+--------+--------+--------+--------+-----+--------+
         Total |   2314 |   2150 |    164 |    200 |   1340 |   3 |  771.3 |
       Dungeon |   2314 |   2150 |    164 |    200 |   1340 |   3 |  771.3 |
               +--------+--------+--------+--------+--------+-----+--------+

Top non-repeatable levels by time:
     D:2: 1041 daAuts
     D:1: 648 daAuts
     D:3: 624 daAuts
